Unix NetHack Version 5.0.0-0 post-release - last build May 31 2026 23:59:36 (970b52f25bf058293b47ddfd14a1e40e571c508c,branch:main).

Game began 2026-06-03 20:48:13, ended 2026-06-03 21:04:17.

Jobair, lawful female dwarven Archeologist

                                              ----
                                              |..|                   ---- ----
                                              |..|                 ---..| |<.|
                                              --.|                 |....| |..|
                                               |.|            ---  |....----.|
                                               |@--          --.----......||.|
                                               |.f----      --)..||..---..||.|
                                               --.f.[|      |....|#.-- --.||.|
                                                ----.|      --..-#|.|   ---|.|
                                                   |.|     ---..#--.|      |.|
                                                   |.|     |...)-|..|      |.|
                                            --     |.#     #....*|.---     |.|
                                     --------. -   |.-------.-#....|.--   --.|
                                  ..............--##..-|.....|--......|   |..|
                                           -...........|.----- ----).--  --.---
                                           |  |..........--       |..-----....|
                                              |.......---.--     --^..||......|
                                              ---..........--  --#...--|....---
                                                --.|........|  |..--------..|
                                                 ----.----.--  |............|
                                                    ---  ---   --------------
Jobair the Field Worker    St:14 Dx:9 Co:10 In:16 Wi:16 Ch:11  Lawful
Dlvl:4  $:19 HP:0(36) Pw:6(6) AC:6  Xp:4 T:1580 

Latest messages:
 You drop 2 crude daggers.
 You drop a dagger.
 You drop a corroded crude short sword.
 You drop a broadsword.
 You drop an iron skull cap.
 Your movements are now unencumbered.
 You drop an uncursed +0 fedora.
 You drop a worthless piece of blue glass.
 You drop a worthless piece of white glass.
 You drop a worthless piece of yellow glass.
 You drop a worthless piece of yellowish brown glass.
 You descend the stairs.
 You see here a thonged club.
 Godzilla falls into a pit!
 You see here 8 rocks.
 You are carrying too much to get through.
 You are beginning to feel hungry.
 What do you want to eat?
 This food really hits the spot!
 You finish eating the food ration.
 You feel agile!
 You must have been working on your reflexes.
 You swap places with Godzilla.
 J - a curved sword.
 Godzilla misses it.
 The jaguar hits!
 The jaguar hits again!
 The jaguar bites!
 The jaguar hits!
 The jaguar hits again!
 The jaguar bites!
 You miss the jaguar.
 Godzilla bites the jaguar.
 The jaguar hits Godzilla.
 The jaguar misses Godzilla.
 The jaguar misses Godzilla.
 The jaguar hits!
 The jaguar hits again!
 The jaguar bites!
 What do you want to drink?
 You suddenly fall asleep!
 The jaguar hits!
 The jaguar hits again!
 The jaguar bites!
 You die...
 Do you want your possessions identified? [ynq] (y) y
 Do you want to see your attributes? [ynq] (y) y
 Do you want an account of creatures vanquished? [ynaq] (y) y
 Do you want to see your conduct and achievements? [ynq] (y) y
 Do you want to see the dungeon overview? [ynq] (y) y

Inventory:
 Coins    ('$')
  $ - 19 gold pieces
 Weapons  (')')
  D - 20 +0 arrows (in quiver)
  o - 12 +0 crossbow bolts
  E - a +0 bow (alternate weapon; not wielded)
  G - a +0 bow
  a - a +2 bullwhip (weapon in right hand)
  J - a +1 scimitar
 Armor    ('[')
  m - an uncursed +0 orcish helm (being worn)
  z - an uncursed +0 pair of iron shoes (being worn)
  A - an uncursed +0 dwarvish cloak (being worn)
  h - an uncursed +0 leather jacket (being worn)
 Comestibles  ('%')
  r - a cursed carrot
  d - 4 uncursed food rations
 Scrolls  ('?')
  n - an uncursed scroll of destroy armor
  p - an uncursed scroll of enchant armor
  j - an uncursed scroll of identify
 Potions  ('!')
  q - an uncursed potion of healing
 Tools    ('(')
  b - an empty uncursed sack
  e - a +0 pick-axe
  t - an uncursed skeleton key
  f - a tinning kit (0:98)
 Gems/Stones  ('*')
  g - an uncursed touchstone

Jobair the Archeologist's attributes:

Background:
 You were a Field Worker, a level 4 female dwarven Archeologist.
 You were lawful, nominally on a mission for Quetzalcoatl
 who was opposed by Camaxtli (neutral) and Huhetotl (chaotic).
 You were right-handed.
 You were in the Gnomish Mines, on level 4.
 You entered the dungeon 1580 turns ago.
 You had 84 experience points, 76 more were needed to attain level 5.

Basics:
 You had 0 out of 36 hit points.
 You had all 6 energy points (spell power).
 Your armor class was 6.
 Your wallet contained 19 zorkmids.
 Autopickup was off.

Final Characteristics:
 Your strength was 14 (limit:18/100).
 Your dexterity was 9 (limit:20).
 Your constitution was 10 (limit:20).
 Your intelligence was 16 (limit:16).
 Your wisdom was 16 (limit:16).
 Your charisma was 11 (limit:16).

Final Status:
 You weren't hungry.
 You were unencumbered.
 You were wielding a whip.
 You had basic skill with whip.

Final Attributes:
 You were devoutly aligned.
 Your items were somewhat protected from fire.
 Your items were somewhat protected from cold.
 You had automatic searching.
 You had infravision.
 You were warded.
 You are dead.

Miscellaneous:
 You encountered 1 bones level.
 Total elapsed playing time was 16 minutes and 3 seconds.

Major events:
 Turn
    1: Jobair the lawful female dwarven Archeologist entered the dungeon
  613: entered the Gnomish Mines
  712: attained the rank of Field Worker (level 3)
 1580: killed by a jaguar, while sleeping

You didn't know any spells.

Skills:
 Fighting Skills
   bare handed combat [Unskilled]
   two weapon combat  [Unskilled]
   riding             [Unskilled]
 Weapon Skills
   dagger             [Unskilled]
   knife              [Unskilled]
   pick-axe           [Basic]
   short sword        [Unskilled]
   saber              [Unskilled]
   club               [Unskilled]
   quarterstaff       [Unskilled]
   sling              [Unskilled]
   dart               [Unskilled]
   boomerang          [Unskilled]
   whip               [Basic]
   unicorn horn       [Unskilled]
 Spellcasting Skills
   attack spells      [Unskilled]
   healing spells     [Unskilled]
   divination spells  [Unskilled]
   matter spells      [Unskilled]

Voluntary challenges:
 Character rerolling was not enabled.
 You were an atheist.
 You never genocided any monsters.
 You never polymorphed an object.
 You never changed form.
 You used no wishes.
Achievements:
 You entered the Gnomish Mines.
 You entered a shop.
 You attained the rank of Field Worker.

 The Dungeons of Doom: levels 1 to 2
    Level 1:
    Level 2:
       A vegetarian food shop, a fountain.
       Stairs down to The Gnomish Mines.
 The Gnomish Mines: levels 3 to 4
    Level 3:
    Level 4: <- You were here.
       Final resting place for
          you, killed by a jaguar, while sleeping,
          levoittiel-Bar-Orc-Fem-Cha, killed by a gnome lord.


Vanquished creatures:
  a gnome leader
  a dwarf
  a kobold leader
  a werejackal
  2 coyotes
  a hobbit
  a large kobold
  3 giant rats
  8 gnomes
  a gnome zombie
  2 geckos
  2 jackals
  2 kobolds
  3 goblins
  2 grid bugs
  2 lichens
  2 newts
35 creatures vanquished.

No species were genocided or became extinct.

Game over:
                       ----------
                      /          \
                     /    REST    \
                    /      IN      \
                   /     PEACE      \
                  /                  \
                  |      Jobair      |
                  |      19 Au       |
                  |   killed by a    |
                  |      jaguar      |
                  |                  |
                  |                  |
                  |       2026       |
                 *|     *  *  *      | *
        _________)/\\_//(\/(/\)/\//\/|_)_______

Goodbye Jobair the Archeologist...

You died in The Gnomish Mines on dungeon level 4 with 514 points,
and 19 pieces of gold, after 1580 moves.
You were level 4 with a maximum of 36 hit points when you died.

